Map: Lightshade LE

Players

Astrea - Winner!

  • Race: Protoss Protoss

PureLegacy

  • Race: Terran Terran

Event: DreamHack SC2 Masters 2021 Winter

VOD

Have the link to the VOD?

Description

Time

  • Played on: Oct. 5, 2021, 6:44 p.m.
  • Length: 12:43

All games in this series

Show
View Real Time Build Order
Export as new Build Order

Astrea Protoss - Winner!

Build Orders: 1 Gate Expand, Phoenix Opening, Blink Stalkers 

Get SALT Encoding   

  12  0:00  Probe  
  13  0:12  Probe  
  14  0:17  Pylon  
  14  0:24  Probe (Chrono Boost)  
  15  0:36  Probe (Chrono Boost)  
  15  0:37  Gateway  
  16  0:43  Probe (Chrono Boost)  
  16  0:46  Assimilator  
  17  0:51  Probe  
  18  1:03  Probe  
  19  1:15  Probe  
  20  1:24  Cybernetics Core  
  20  1:34  Nexus  
  20  1:36  Probe  
  21  1:43  Pylon  
  21  1:48  Probe  
  21  1:50  Assimilator  
  22  1:58  Adept (Chrono Boost)  
  22  2:00  Probe  
  25  2:02  Warp Gate  
  25  2:12  Probe  
  26  2:19  Stalker (Chrono Boost)  
  28  2:24  Probe  
  29  2:36  Probe  
  30  2:39  Twilight Council  
  30  2:46  Probe (Chrono Boost)  
  32  2:51  Probe (Chrono Boost)  
  32  2:52  Sentry  
  35  2:58  Gateway, Probe (Chrono Boost)  
  35  3:05  Probe x2 (Chrono Boost)  
  36  3:08  Pylon  
  36  3:11  Blink (Chrono Boost)  
  37  3:13  Probe x2  
  39  3:25  Probe x2  
  39  3:26  Phoenix  
  41  3:38  Nexus  
  41  3:40  Probe  
  42  3:47  Probe  
  43  3:50  Stalker  
  43  3:54  Stalker  
  43  3:55  Probe  
  48  4:00  Probe  
  47  4:04  Robotics Facility, Pylon  
  47  4:08  Probe  
  48  4:12  Probe  
  48  4:15  Stalker  
  51  4:17  Stalker  
  51  4:20  Probe  
  54  4:25  Probe  
  54  4:26  Assimilator  
  55  4:33  Probe  
  55  4:34  Pylon  
  55  4:35  Assimilator  
  55  4:38  Probe  
  57  4:41  Stalker x2  
  52  4:53  Probe (Chrono Boost)  
  55  5:01  Probe (Chrono Boost)  
  55  5:02  Probe (Chrono Boost)  
  55  5:04  Probe (Chrono Boost)  
  56  5:09  Probe (Chrono Boost), Charge  
  56  5:13  Phoenix, Probe (Chrono Boost)  
  56  5:14  Probe (Chrono Boost)  
  59  5:15  Probe (Chrono Boost)  
  59  5:19  Probe  
  59  5:20  Probe  
  62  5:23  Probe  
  62  5:25  Gateway, Templar Archives  
  63  5:29  Gateway  
  63  5:31  Probe  
  63  5:32  Probe  
  63  5:35  Probe  
  64  5:37  Observer (Chrono Boost)  
  64  5:41  Psionic Storm  
  65  5:43  Probe  
  65  5:44  Probe  
  65  5:46  Pylon  
  65  5:47  Probe  
  68  5:55  Gateway x2, Probe  
  68  5:56  Observer (Chrono Boost)  
  68  5:57  Probe  
  71  5:59  Probe  
  72  6:09  Probe  
  72  6:10  Probe  
  74  6:16  Probe  
  75  6:20  Gateway x2  
  75  6:21  Observer  
  75  6:23  Zealot x2, High Templar  
  81  6:25  Pylon  
  81  6:27  Shield Battery  
  81  6:28  High Templar  
  83  6:34  Probe x3  
  83  6:38  Pylon  
  86  6:45  Zealot, High Templar  
  90  6:47  Probe x3  
  90  6:49  Observer, Zealot  
  90  6:50  Zealot  
  90  6:51  Pylon  
  90  6:52  Forge  
  97  6:55  High Templar  
  97  6:57  Pylon  
  97  7:00  Assimilator  
  97  7:01  Zealot, Assimilator  
  101  7:04  Probe  
  101  7:05  Probe  
  101  7:08  Pylon  
  103  7:13  Zealot x3  
  109  7:21  Pylon  
  112  7:26  Zealot x3  
  118  7:30  Zealot x2  
  118  7:36  Zealot x2  
  122  7:41  Zealot  
  120  7:47  Stalker x3  
  120  7:49  Immortal (Chrono Boost)  
  126  7:53  Observer  
  124  7:59  Nexus  
  124  8:05  Pylon x2  
  124  8:12  Pylon  
  124  8:13  Pylon  
  124  8:18  Observer, Protoss Ground Weapons Level 1 (Chrono Boost)  
  124  8:23  Pylon  
  124  8:24  Warp Prism (Chrono Boost)  
  124  8:25  Pylon  
  126  8:30  High Templar  
  126  8:31  High Templar  
  126  8:33  High Templar x4  
  138  8:36  Zealot  
  138  8:37  Archon x2  
  138  8:43  Pylon  
  128  9:04  Zealot, High Templar x2  
  128  9:05  Zealot x4  
  142  9:10  Immortal (Chrono Boost)  
  138  9:26  Gateway  
  138  9:30  Zealot x2, Robotics Bay  
  142  9:31  Robotics Facility  
  142  9:36  Zealot x2  
  146  9:38  Pylon  
  146  9:40  Pylon  
  131  9:51  Stalker x4, High Templar  
  118  10:11  Nexus  
  110  10:16  Zealot x5  
  120  10:26  Stalker x3  
  112  10:57  Nexus  
  112  11:01  Observer  
  112  11:03  Colossus x2 (Chrono Boost)  
  123  11:18  Pylon  
  123  11:24  Zealot x3  
  123  11:25  Stalker x2, Zealot  
  112  11:57  Stalker  
  112  11:58  Stalker x7  
  128  12:10  Shield Battery  
  140  12:17  Probe x3  
  140  12:20  Forge  
  143  12:29  Probe  
  140  12:38  Zealot x6, High Templar x2  
Show
View Real Time Build Order
Export as new Build Order

PureLegacy Terran 

Build Orders: Reaper Expand 

Get SALT Encoding   

  12  0:00  SCV  
  13  0:12  SCV  
  14  0:17  Supply Depot  
  14  0:24  SCV  
  15  0:38  SCV  
  15  0:40  Barracks  
  16  0:45  Refinery  
  16  0:50  SCV  
  17  1:03  SCV  
  18  1:15  SCV  
  19  1:30  Reaper, Orbital Command  
  20  1:44  Command Center  
  20  1:54  Supply Depot  
  20  1:58  SCV  
  21  2:02  Marine  
  22  2:10  SCV  
  22  2:12  Factory  
  23  2:23  Barracks Reactor  
  23  2:24  Bunker  
  23  2:27  SCV  
  24  2:30  Refinery  
  24  2:39  SCV  
  24  2:51  SCV  
  24  2:56  Hellion  
  24  2:57  Starport  
  27  2:59  Marine, Orbital Command  
  27  3:00  Marine  
  27  3:03  SCV  
  30  3:16  SCV  
  30  3:18  Hellion, Marine x2  
  35  3:26  SCV  
  36  3:28  SCV  
  37  3:38  SCV, Marine x2  
  37  3:40  Hellion, SCV, Medivac  
  45  3:49  Supply Depot  
  45  3:50  SCV  
  46  3:56  Supply Depot  
  46  4:03  Factory Tech Lab  
  46  4:10  Marine x2  
  46  4:11  SCV x2, Starport Tech Lab  
  50  4:18  Supply Depot  
  50  4:21  Siege Tank  
  50  4:23  SCV x2  
  55  4:28  Marine x2  
  55  4:30  Raven, Barracks  
  55  4:31  Barracks  
  59  4:35  SCV  
  59  4:36  SCV  
  61  4:41  Supply Depot  
  61  4:47  SCV  
  56  4:53  SCV  
  56  4:54  Marine x2  
  56  4:57  Barracks  
  56  4:59  SCV, Barracks  
  58  5:00  Engineering Bay  
  58  5:01  Siege Tank  
  58  5:06  Refinery  
  61  5:08  SCV  
  61  5:12  Refinery  
  61  5:13  SCV  
  63  5:19  Marine x2  
  66  5:23  Stimpack  
  66  5:24  Starport Reactor  
  66  5:25  SCV x2  
  67  5:29  Marauder  
  67  5:31  Supply Depot  
  69  5:43  Marauder  
  69  5:44  Marine x2  
  69  5:45  Barracks Reactor  
  69  5:46  Barracks Tech Lab  
  69  5:49  Terran Infantry Weapons Level 1  
  73  5:50  Marauder, SCV x2  
  73  5:54  Supply Depot  
  77  6:01  Combat Shield, Marine  
  77  6:02  Marine  
  79  6:08  Supply Depot  
  79  6:13  Marauder x3  
  79  6:17  Supply Depot  
  85  6:19  Marine x2  
  85  6:21  Factory Reactor  
  85  6:24  Marine x2  
  89  6:28  Medivac x2  
  89  6:30  Supply Depot  
  93  6:34  Concussive Shells  
  93  6:35  Marine x2  
  93  6:36  Marine  
  93  6:39  Supply Depot  
  96  6:44  Marine x3  
  96  6:45  Marine  
  100  6:53  Marauder, Supply Depot  
  102  6:54  Marauder  
  102  6:55  Marauder  
  106  7:08  Marine  
  106  7:09  Marine x3  
  106  7:11  Medivac x2  
  106  7:15  Marauder  
  116  7:16  Marauder  
  116  7:19  Marauder  
  116  7:36  Marauder, Marine x3  
  102  7:45  Medivac x2  
  102  7:47  Marauder x2, Marine  
  105  7:54  Marine  
  105  7:56  Marine  
  105  7:57  Marauder  
  105  7:58  Marine  
  90  8:03  Widow Mine x2  
  90  8:04  Marine  
  88  8:09  Marauder  
  88  8:10  Marauder  
  92  8:15  SCV x2  
  92  8:16  Marine x2  
  96  8:33  SCV x2  
  98  8:34  Marauder x2  
  98  8:36  Marine x4  
  106  8:41  Supply Depot  
  106  8:46  Marine  
  107  8:54  Marine  
  94  9:03  Marauder, Marine  
  94  9:04  Marauder, Marine x2  
  94  9:05  Widow Mine x2  
  104  9:14  Marauder, Marine  
  104  9:16  Medivac x2  
  107  9:21  Marine  
  108  9:30  Marauder x2, Marine x2  
  114  9:32  Marine  
  90  9:53  Marine x5  
  90  9:54  Marauder x2  
  84  10:08  Medivac x2  
  84  10:13  Marauder, Marine  
  84  10:14  Marine x2  
  78  10:15  Marauder  
  79  10:23  Marine x2  
  71  10:37  Medivac  
  71  10:38  Medivac  
  71  10:39  Marine x3  
  77  10:47  Marine  
  77  10:48  Marine  
  77  10:53  Marine  
  77  10:54  Marine  
  77  10:56  Marine  
  78  11:00  Marine x2  
  81  11:05  Marine x2  
  83  11:11  Marine  
  83  11:12  Marine  
  83  11:14  Marine  
  83  11:18  Marine x2  
  88  11:23  Marine  
  88  11:24  Marauder  
  91  11:29  Marine x2  
  91  11:32  Marine  
  72  12:01  Marauder x3, Marine x4  
  72  12:05  Medivac x2  
  82  12:19  Marine x4  

Tags
 
Add a new tag
Caveats
  • Supply blocks, unpowered buildings, or Contaminate may cause inaccurate times.
  • Supply counts are checked every 10 seconds.